General information
- name: BNet
- type: Ladder team game (AT/RT)
- host: Battle.net
- saver: iggy_the_fisk
map: Avalanche
- players: 4
- length: 09:57
- speed: Fast
- version: 1.21 W3XP
- replay type:

» download(61 KB)
Players
team 1 (loser)
Voodoodoll (
green | 138 APM | 1354 actions | 09:47)
2 Death Knight
1 Death Coil
1 Unholy Aura
1 Lich
1 Frost Nova
» actions
| Assign group hotkey | 47 | |
| Build / train | 26 | |
| ESC pressed | 9 | |
| Enter build submenu | 15 | |
| Enter hero's abilities submenu | 3 | |
| Right click | 191 | |
| Select / deselect | 91 | |
| Select group hotkey | 939 | |
| Use ability | 33 | |
1354 total
» units
| Acolyte | 2 | |
| Ghoul | 3 | |
| Crypt Fiend | 9 | |
| Obsidian Statue | 1 | |
15 total
» upgrades
» buildings
| Graveyard | 1 | |
| Crypt | 1 | |
| Ziggurat | 5 | |
| Altar of Darkness | 1 | |
| Nerubian Tower | 1 | |
| Tomb of Relics | 1 | |
| Halls of the Dead | 1 | |
| Slaughterhouse | 2 | |
| Black Citadel | 1 | |
14 total
» build order
00:10 Graveyard
00:12 Crypt
00:41 Ziggurat
00:47 Altar of Darkness
01:35 Nerubian Tower
01:46 Tomb of Relics
02:13 Ziggurat
04:45 Halls of the Dead
05:19 Ziggurat
05:22 Ziggurat
07:19 Slaughterhouse
07:33 Slaughterhouse
08:48 Ziggurat
08:50 Black Citadel
» items
WeWinNow (
red | 125 APM | 1240 actions | 09:56)
3 Priestess of the Moon
1 Searing Arrows
2 Trueshot Aura
» actions
| Assign group hotkey | 41 | |
| Basic commands | 106 | |
| Build / train | 32 | |
| ESC pressed | 6 | |
| Enter build submenu | 16 | |
| Enter hero's abilities submenu | 3 | |
| Right click | 533 | |
| Select / deselect | 171 | |
| Select group hotkey | 299 | |
| Use ability | 33 | |
1240 total
» units
| Wisp | 17 | |
| Huntress | 9 | |
| Glaive Thrower | 1 | |
27 total
» buildings
| Altar of Elders | 1 | |
| Moon Well | 6 | |
| Hunter's Hall | 1 | |
| Ancient of War | 4 | |
| Ancient Protector | 3 | |
| Tree of Ages | 1 | |
16 total
» build order
00:06 Altar of Elders
00:17 Moon Well
01:49 Hunter's Hall
01:58 Ancient of War
02:03 Moon Well
02:29 Ancient of War
02:59 Ancient Protector
04:04 Ancient of War
04:16 Ancient of War
04:21 Ancient Protector
04:58 Moon Well
05:10 Moon Well
07:33 Moon Well
07:47 Tree of Ages
08:17 Moon Well
08:37 Ancient Protector
team 2 (winner)

»
iggy_the_fisk (
teal | 110 APM | 1091 actions | 09:57)
3 Archmage
2 Summon Water Elemental
1 Brilliance Aura
» actions
| Assign group hotkey | 82 | |
| Basic commands | 15 | |
| Build / train | 42 | |
| Enter build submenu | 22 | |
| Enter hero's abilities submenu | 3 | |
| Right click | 606 | |
| Select / deselect | 199 | |
| Select group hotkey | 81 | |
| Use ability | 41 | |
1091 total
» units
| Peasant | 11 | |
| Footman | 7 | |
| Sorceress | 6 | |
| Priest | 3 | |
27 total
» upgrades
| Defend | 1 | |
| Sorceress Training | 1 | |
2 total
» buildings
| Altar of Kings | 1 | |
| Barracks | 1 | |
| Farm | 7 | |
| Keep | 5 | |
| Scout Tower | 6 | |
| Arcane Vault | 1 | |
| Arcane Tower | 3 | |
| Arcane Sanctum | 2 | |
| Lumber Mill | 1 | |
27 total
» build order
00:04 Altar of Kings
00:18 Barracks
00:26 Farm
01:00 Farm
01:30 Farm
02:36 Keep
02:37 Keep
02:37 Keep
02:37 Keep
03:29 Scout Tower
04:02 Arcane Vault
04:20 Arcane Tower
04:22 Scout Tower
04:25 Farm
04:53 Arcane Tower
04:58 Arcane Sanctum
05:03 Arcane Sanctum
05:08 Farm
06:18 Farm
09:17 Scout Tower
09:28 Scout Tower
09:32 Scout Tower
09:34 Lumber Mill
09:39 Farm
09:50 Arcane Tower
09:53 Scout Tower
» items

»
TIMG4STRok (
pink | 130 APM | 1290 actions | 09:56)
3 Blademaster
2 Wind Walk
1 Critical Strike
2 Shadow Hunter
1 Hex
1 Healing Wave
» actions
| Assign group hotkey | 13 | |
| Basic commands | 29 | |
| Build / train | 31 | |
| Enter build submenu | 11 | |
| Enter hero's abilities submenu | 5 | |
| Right click | 542 | |
| Select / deselect | 106 | |
| Select group hotkey | 521 | |
| Use ability | 32 | |
1290 total
» units
| Peon | 7 | |
| Grunt | 5 | |
| Raider | 4 | |
| Spirit Walker | 2 | |
18 total
» upgrades
| Berserker Strength | 1 | |
| Ensnare | 1 | |
| Pillage | 1 | |
| Spirit Walker Training | 1 | |
4 total
» buildings
| Altar of Storms | 1 | |
| Orc Burrow | 5 | |
| Barracks | 1 | |
| Stronghold | 1 | |
| Voodoo Lounge | 1 | |
| Beastiary | 1 | |
| Spirit Lodge | 1 | |
| Fortress | 1 | |
12 total
» build order
00:09 Altar of Storms
00:18 Orc Burrow
00:33 Barracks
01:28 Orc Burrow
01:29 Orc Burrow
02:37 Stronghold
03:28 Voodoo Lounge
04:40 Orc Burrow
05:02 Beastiary
05:04 Spirit Lodge
07:35 Fortress
07:41 Orc Burrow
Chat log
(09:51 / All) TIMG4STRok: gg